 Dungeon Crawl Stone Soup version 0.29.1-2-gbd0b4ee654 (webtiles) character file.

Game seed: 17230935238191427455

42 KittyFluff the Trooper (level 3, -1/36 HPs)
             Began as a Gargoyle Berserker on Nov 27, 2022.
             Was a Follower of Trog.
             Slain by Terence
             ... wielding a +0 falchion
              (3 damage)
             ... on level 2 of the Dungeon.
             The game lasted 00:05:25 (1521 turns).

KittyFluff the Trooper (Gargoyle Berserker)         Turns: 1521, Time: 00:05:25

Health: -1/36      AC:  5    Str: 20    XL:     3   Next: 54%
Magic:  3/3        EV: 12    Int: 13    God:    Trog [*.....]
Gold:   112        SH:  0    Dex: 11    Spells: 2/2 levels left

rFire   . . .      SeeInvis .   a - +0 mace
rCold   + . .      Faith    .   (no shield)
rNeg    + . .      Spirit   .   b - +0 animal skin
rPois   ∞          Reflect  .   (no helmet)
rElec   +          Harm     .   (no cloak)
rCorr   .          Rampage  .   (no gloves)
Will    .....                   (no boots)
Stlth   ..........              (no amulet)
HPRegen 0.12/turn               i - ring of protection from cold
MPRegen 0.08/turn               l - +6 ring of intelligence

@: berserking, very quick
A: sickness immunity, AC +3, negative energy resistance 1, electricity
resistance, torment resistance 1, petrification resistance
a: Renounce Religion, Berserk


You were on level 2 of the Dungeon.
You worshipped Trog.
Trog was aware of your devotion.
You visited 1 branch of the dungeon, and saw 2 of its levels.

You collected 112 gold pieces.

Inventory:

Hand Weapons
 a - a +0 mace (weapon)
Missiles
 k - 8 stones (quivered)
Armour
 b - a +0 animal skin (worn)
 j - a +0 leather armour
Jewellery
 i - a ring of protection from cold (left hand)
 l - a +6 ring of intelligence (right hand)
Scrolls
 c - a scroll of identify {unknown}
 d - 2 scrolls of poison
 g - a scroll of amnesia {unknown}
Potions
 e - a potion of lignification {unknown}
 f - a potion of brilliance {unknown}
 h - a potion of attraction {unknown}


   Skills:
 + Level 4.0 Fighting
 + Level 3.5 Maces & Flails
 * Level 2.4 Armour
 + Level 1.8 Dodging
 + Level 0.4 Stealth


You had 2 spell levels left.
You didn't know any spells.
Your spell library was empty.

Dungeon Overview and Level Annotations

Branches:
Dungeon (2/15)

Altars:

Annotations:
D:2 Terence


Innate Abilities, Weirdness & Mutations

You are immune to sickness and miasma.
Your stone body is resilient. (AC +3)
You are immune to poison.
You resist negative energy. (rN+)
You are resistant to electric shocks. (rElec)
You are resistant to unholy torment.
You are immune to petrification.


Message History

You closely miss the goblin. The goblin hits you with a +0 dagger.
You closely miss the goblin. The goblin misses you.
You barely miss the goblin. The goblin closely misses you.
You hit the goblin.
The goblin is severely wounded.
The goblin hits you with a +0 dagger.
You sock the goblin!
You kill the goblin!
Trog accepts your kill. The kobold barely misses you.
You closely miss the kobold. The kobold closely misses you.
Terence looks scornfully at you.
You sock the kobold!
You kill the kobold!
Trog accepts your kill.
You hit Terence but do no damage. Terence closely misses you.
You hit Terence but do no damage. Terence hits you with a +0 falchion.
Terence says, "Time to say good-bye..."
Terence hits you with a +0 falchion!
You barely miss Terence. Terence hits you with a +0 falchion!
* * * LOW HITPOINT WARNING * * *
You closely miss Terence. Terence misses you.
You closely miss Terence. Terence hits you with a +0 falchion.
* * * LOW HITPOINT WARNING * * *
A red film seems to cover your vision as you go berserk!
You feel yourself moving faster!
You feel mighty! Terence closely misses you.
You sock Terence!
Terence is moderately wounded.
Terence hits you with a +0 falchion.
* * * LOW HITPOINT WARNING * * *
You thump Terence!
Terence is severely wounded.
Terence barely misses you.
You closely miss Terence.
Terence is severely wounded.
Terence completely misses you.
You barely miss Terence.
Terence is severely wounded.
Terence hits you with a +0 falchion.
You die...

##### ....#
....### ......#
##########......#
........@@...#
##$####.###..#
...?....########
#####...#......#
####...#.####.#
#.............#
#.#....#.####.#
.. #....#.# #.# #
#....#.# #.#


You could see Terence.

Vanquished Creatures
  A bat (D:1)
  10 endoplasms (D:1)
  3 giant cockroaches (D:1)
  2 goblins
  4 jackals (D:1)
  A quokka (D:1)
  2 ball pythons (D:1)
  5 frilled lizards (D:1)
  5 kobolds
  4 rats
37 creatures vanquished.

Notes
Turn   | Place    | Note
-------+----------+-------------------------------------------
     0 | D:1      | KittyFluff the Gargoyle Berserker began the quest for the
                  | Orb.
     0 | D:1      | Reached XP level 1. HP: 14/14 MP: 1/1
   449 | D:1      | Reached XP level 2. HP: 16/19 MP: 2/2
   965 | D:1      | Reached XP level 3. HP: 24/24 MP: 3/3
  1226 | D:1      | Found a faded altar of an unknown god.
  1400 | D:1      | Reached skill level 4 in Fighting
  1501 | D:2      | Noticed Terence
  1521 | D:2      | Slain by Terence

Illustrated notes

Levels and vault maps discovered:
D:1:      eino_arrival_cavern_e, layout_loops_ring,
          ebering_ecumenical_altar_rust, hangedman_decor_diamond_cutter,
          minmay_tromino_v4_c
D:2:      layout_loops_ring, hangedman_decor_push, uniq_terence

Skill      XL: |  1  2  3 |
---------------+----------+-----
Fighting       | 4 |  4.0
Maces & Flails | |  3.5
Armour         | |  2.4
Dodging        | |  1.8
Stealth        | |  0.4

Action                   || total
-------------------------++-------
Melee: Mace              ||   105
Throw: Stone             ||     2
Invok: Berserk           ||     3
  Use: Scroll            ||     1
 Stab: Sleeping          ||     2
Armor: Animal skin       ||    30
Dodge: Dodged            ||    53
